 Dungeon Crawl Stone Soup version 0.30-a0-457-g4b7bca3bfa (webtiles) character file.

Game seed: 8258264352431396289

23 McMuffin the Stinger (level 2, 0/21 HPs)
             Began as a Demonspawn Wanderer on Dec 12, 2022.
             Slain by an adder (2 damage)
             ... on level 2 of the Dungeon.
             The game lasted 00:03:18 (1044 turns).

McMuffin the Stinger (Demonspawn Wanderer)          Turns: 1044, Time: 00:03:19

Health: 0/21       AC:  3    Str: 13    XL:     2   Next: 75%
Magic:  12/12      EV: 10    Int: 12    God:
Gold:   20         SH:  0    Dex: 12    Spells: 2/3 levels left

rFire   x . .      SeeInvis .    a - +2 spear
rCold   + . .      Faith    .    (no shield)
rNeg    . . .      Spirit   .    e - +0 leather armour
rPois   .          Reflect  .    (no helmet)
rElec   .          Harm     .    (no cloak)
rCorr   .          Rampage  .    (no gloves)
Will    .....                    (no boots)
Stlth   +.........               (no amulet)
HPRegen 0.23/turn                g - ring of ice
MPRegen 0.13/turn                i - ring of magical power

@: lethally poisoned (0 -> -4)
A: powered by pain 1
a: no special abilities


You were on level 2 of the Dungeon.
You visited 1 branch of the dungeon, and saw 2 of its levels.

You collected 20 gold pieces.

Inventory:

Hand Weapons
 a - a +2 spear (weapon)
 c - a +0 dagger
Missiles
 b - 13 poisoned darts
Armour
 e - a +0 leather armour (worn)
Jewellery
 g - a ring of ice (left hand)
 i - a ring of magical power (right hand)
 j - a ring of ice
 l - a ring of fire
Scrolls
 f - a scroll of immolation {unknown}
 k - a scroll of fear {unknown}
 m - a scroll of silence {unknown}
Potions
 d - a potion of attraction
 h - 4 potions of curing {unknown}
 n - a potion of lignification {unknown}


   Skills:
 + Level 1.0 Fighting
 + Level 3.0 Polearms
 + Level 1.0 Throwing
 + Level 0.2 Armour
 + Level 1.2 Spellcasting
 + Level 4.4 Poison Magic


You had 2 spell levels left.
You knew the following spells:

 Your Spells              Type           Power      Damage    Failure   Level
a - Sting                 Tmut/Pois      24%        1d4       16%         1

Your spell library contained the following spells:

 Spells                   Type           Power      Damage    Failure   Level
 Ignite Poison            Fire/Tmut/Pois 4%         N/A       52%         3


Dungeon Overview and Level Annotations

Branches:
Dungeon (2/15)

Altars:

Shops:
D:2 *


Innate Abilities, Weirdness & Mutations

You sometimes gain a little power by taking damage.


Message History

The frilled lizard barely misses you.
You barely miss the adder. The adder barely misses you.
The frilled lizard bites you.
You barely miss the adder. The adder completely misses you.
The frilled lizard bites you but does no damage.
The adder bites you.
You are poisoned.
The adder poisons you!
You feel sick.
You see here a scroll labelled YJOCSE LUFUR.
You miss the frilled lizard.
You feel sick. The frilled lizard bites you.
You closely miss the frilled lizard.
You feel sick. The frilled lizard barely misses you.
You hit the frilled lizard.
You kill the frilled lizard!
You feel sick.
You are too injured to fight recklessly!
You are too injured to fight recklessly!
You are too injured to fight recklessly!
You are too injured to fight recklessly!
You hit the adder.
The adder is lightly wounded.
You feel sick.
You are no longer poisoned.
The adder bites you.
You are lethally poisoned!
The adder poisons you! The adder bites you.
* * * LOW HITPOINT WARNING * * *
You barely miss the adder.
* * * LOW HITPOINT WARNING * * *
You feel sick. The adder closely misses you.
You hit the adder.
The adder is lightly wounded.
* * * LOW HITPOINT WARNING * * *
You feel sick. The adder barely misses you.
You puncture the adder!
The adder is almost dead.
* * * LOW HITPOINT WARNING * * *
You feel sick. The adder bites you.
You die...

..# #.## #
.....##
#.. ..#
.....8####
#.#......
#..8<∩.8.
#S###.#
#@...8#
#..<..#
##.##...#
...# ###
#####


You could see an adder.

Vanquished Creatures
  A bat (D:1)
  2 endoplasms
  3 goblins (D:1)
  4 hobgoblins (D:1)
  A kobold (D:1)
  A quokka (D:1)
  2 ball pythons (D:1)
  3 frilled lizards
  5 rats (D:1)
22 creatures vanquished.

Vanquished Creatures (others)
  3 plants (D:1)
3 creatures vanquished.

Grand Total: 25 creatures vanquished

Notes
Turn   | Place    | Note
-------+----------+-------------------------------------------
     0 | D:1      | McMuffin the Demonspawn Wanderer began the quest for the
                  | Orb.
     0 | D:1      | McMuffin set off with the following items: a +2 spear, 14
                  | poisoned darts, a +0 dagger, a potion of attraction, a +0
                  | leather armour; and the following spell memorised: Sting;
                  | and the following spells available to memorise: Ignite
                  | Poison.
     0 | D:1      | Reached XP level 1. HP: 15/15 MP: 2/2
   275 | D:1      | Gained mutation: You sometimes gain a little power by
                  | taking damage. [demonic ancestry]
   275 | D:1      | Reached XP level 2. HP: 21/21 MP: 3/3
  1027 | D:2      | Found Tiplakk's Assorted Antiques.
  1044 | D:2      | Slain by an adder

Illustrated notes

Levels and vault maps discovered:
D:1:      tarquinn_simple_flora_water_a, layout_basic, serial_bayou,
          serial_bayou_pond_a, serial_bayou_lake_a, serial_bayou_pond_e,
          serial_bayou_pond_c, serial_bayou_crossing, serial_bayou_pond_e
D:2:      wad_crossroads, layout_basic, serial_shops, nicolae_shop_statue_plus,
          basic_altar

Skill      XL: |  1 |
---------------+----+-----
Polearms       | 3 |  3.0
Fighting       | |  1.0
Throwing       | |  1.0
Armour         | |  0.2
Spellcasting   | |  1.2
Poison Magic   | |  4.4

Action                   || total
-------------------------++-------
Melee: Spear             ||    43
Throw: Dart              ||     4
 Cast: Sting             ||    17
Armor: Leather armour    ||     8
Dodge: Dodged            ||     9

Table legend: (Time is in decaauts)
 A = Elapsed time spent in this place.
 B = Non-inter-level travel time spent in this place.
 C = Inter-level travel time spent in this place.
 D = Time resting spent in this place.
 E = Time spent auto-exploring this place.
 F = Levels seen in this place.
 G = Mean time per level.
                   A        B        C        D        E       F      G
               +--------+--------+--------+--------+--------+-----+--------+
         Total |   1093 |   1079 |     14 |      0 |    921 |   2 |  546.5 |
       Dungeon |   1093 |   1079 |     14 |      0 |    921 |   2 |  546.5 |
               +--------+--------+--------+--------+--------+-----+--------+

Top non-repeatable levels by time:
     D:1: 1077 daAuts
     D:2: 16 daAuts
